Description

A timing attack played by Clem against Reynor in the semifinals of the season finals of WCS.

Replay - LiquidClem v Reynor: Game 3 - Eternal Empire LE

Build Order

Get SALT Encoding   

  12  0:00  SCV  
  13  0:12  SCV  
  14  0:17  Supply Depot  
  14  0:24  SCV  
  15  0:39  SCV  
  15  0:40  Barracks  
  16  0:44  Refinery  
  16  0:51  SCV  
  17  1:03  SCV  
  18  1:15  SCV  
  19  1:27  Reaper  
  19  1:28  Orbital Command  
  20  1:39  Command Center  
  20  1:51  Supply Depot  
  21  1:54  SCV  
  21  1:59  Marine  
  22  2:06  SCV  
  23  2:13  Refinery  
  23  2:15  Factory  
  23  2:18  SCV  
  24  2:23  Barracks Reactor  
  26  2:49  Factory  
  26  2:51  Orbital Command  
  27  3:05  Hellion x2  
  31  3:08  Starport  
  34  3:27  Hellion x2  
  40  3:34  Factory Tech Lab  
  40  3:37  Supply Depot  
  40  3:43  Viking  
  44  3:52  Hellion  
  44  3:53  Infernal Pre-Igniter  
  46  3:59  Hellion x2  
  46  4:01  Supply Depot  
  50  4:09  Supply Depot  
  52  4:13  Medivac  
  56  4:24  Armory  
  56  4:26  Hellion x2  
  64  4:48  Hellion, Liberator  
  75  5:12  Marine  
  76  5:30  Marine  
  71  5:47  Marine  
  73  6:00  Command Center  
  73  6:05  Marine  
  72  6:35  Starport Reactor  
  72  6:36  Barracks Tech Lab  
  72  6:39  Barracks  
  77  6:55  Engineering Bay x2  
  77  6:56  Stimpack  
  77  6:59  Marine  
  78  7:03  Barracks  
  78  7:12  Refinery x2  
  79  7:20  Marine  
  79  7:21  Orbital Command  
  80  7:23  Drilling Claws  
  80  7:29  Starport Reactor  
  84  7:30  Widow Mine  
  84  7:34  Terran Infantry Armor Level 1, Terran Infantry Weapons Level 1  
  84  7:37  Widow Mine  
  84  7:39  Marine  
  84  7:41  Orbital Command  
  84  7:42  Widow Mine  
  89  7:51  Marine x2  
  89  7:52  Barracks Reactor  
  93  8:01  Barracks x2  
  94  8:09  Missile Turret  
  96  8:12  Widow Mine x2  
  100  8:21  Widow Mine  
  103  8:28  Missile Turret  
  106  8:39  Widow Mine x2  
  113  8:42  Medivac x2  
  123  8:58  Thor  
  130  9:05  Barracks Tech Lab x2  
  130  9:07  Barracks Reactor  
  133  9:15  Widow Mine x2, Refinery, Medivac x2, Missile Turret  
  141  9:22  Command Center  
  141  9:29  Combat Shield  
  149  9:45  Medivac x2  
  158  9:48  Terran Infantry Weapons Level 2  
  161  9:56  Terran Infantry Armor Level 2  
Spawning Tool Build Advisor. Get it on Overwolf

Analysis

5:05 timing attack with the medivac and a viking

Go to:

Details

  • Created by: bArtH
  • Published on: Sep 22, 2020
  • Modified on: Sep 22, 2020
  • Patch: 4.11.0
  • Difficulty: Medium
Show
View Real Time Build Order
Export as new Build Order

Comments (0)

There are no comments. Be the first!

Create an account to comment!